 Dungeon Crawl Stone Soup version 0.23-a0-167-gf92cf62f8f (webtiles) character file.

16 PikkenKukken the Skirmisher (level 2, 0/16 HPs)
             Began as a Vine Stalker Fighter on Sept 11, 2018.
             Slain by a gnoll
             ... wielding a +0 club
              (3 damage)
             ... on level 1 of the Dungeon.
             The game lasted 00:00:56 (659 turns).

PikkenKukken the Skirmisher (Vine Stalker Fighter)   Turns: 659, Time: 00:00:56

Health: 0/16       AC:  6    Str: 18    XL:     2   Next: 54%
Magic:  0/3        EV:  7    Int:  8    God:
Gold:   24         SH: 10    Dex: 13    Spells: 1/1 levels left

rFire    . . .     SeeInvis .   a - +0 rapier
rCold    . . .     Gourm    .   c - +1 shield
rNeg     . . .     Faith    .   b - +0 scale mail
rPois    .         Spirit   +   (no helmet)
rElec    .         Reflect  .   (no cloak)
rCorr    .         Harm     .   (no gloves)
MR       .....                  (no boots)
Stlth    ..........             (no amulet)
HPRegen  0.05/turn              (no ring)
MPRegen  0.08/turn              (no ring)

@: no status effects
A: fangs 2, magic shield, antimagic bite, no potion heal 3, rot immunity
a: no special abilities


You were on level 1 of the Dungeon.
You were not hungry.

You visited 1 branch of the dungeon, and saw 1 of its levels.

You collected 24 gold pieces.

Inventory:

Hand Weapons
 a - a +0 rapier (weapon)
Armour
 b - a +0 scale mail (worn)
 c - a +1 shield (worn)
Scrolls
 e - a scroll of teleportation
Potions
 d - a potion of might
 g - a potion of agility
 i - a potion of curing {unknown}
 j - a potion of flight {unknown}
 k - a potion of degeneration {unknown}
Comestibles
 f - 2 rations
 h - 2 chunks of flesh


   Skills:
 + Level 2.8 Fighting
 * Level 2.2 Short Blades
 + Level 2.5 Armour
 + Level 0.3 Dodging
 + Level 2.8 Shields


You had one spell level left.
You didn't know any spells.
Your spell library was empty.

Dungeon Overview and Level Annotations

Branches:
Dungeon (1/15)

Altars:


Innate Abilities, Weirdness & Mutations

You have extremely sharp teeth.
When hurt, damage is shared between your health and your magic reserves.
Your bite disrupts and absorbs the magic of your enemies.
Potions cannot restore your health.
You are immune to rotting.


Message History

You are too injured to fight recklessly!
You are too injured to fight recklessly!
You are too injured to fight recklessly!
You are too injured to fight recklessly!
You are too injured to fight recklessly!
You are too injured to fight recklessly!
You are too injured to fight recklessly!
You are too injured to fight recklessly!
You are too injured to fight recklessly!
You are too injured to fight recklessly!
You are too injured to fight recklessly!
You hit the gnoll. You bite the gnoll. You drain its power.
The gnoll is severely wounded.
The dart slug launches a dart at you. You block the slug dart.
The gnoll hits you with a club!
* * * LOW HITPOINT WARNING * * *
You hit the gnoll.
The gnoll is almost dead.
The gnoll hits you with a club.
You die...

..# #....#P#<#P#*,,,,,* #......
..###.##.##P.P##*.....# #......
....#.##.#P♣.♣P#*.....# #......
###)#.##>#♣...♣##.....#*###......
#.#.####.....#......+,.........
#.#.####.≈8≈.#......#*#########
#......#.≈≈≈.#......#*,,,,,,,*#
######.#.≈#≈.#.g....#*,*****,**
#.#'###'#@w...#**,*** *,,, #...#
#.$.###.#,,,,,* **** ##### #####
*,*,***,* *,*,*,*,******
*,*,,,,,,,,,,, *,*****,******
*,,,,,,,* *********


You could see a gnoll and a dart slug.

Vanquished Creatures
  2 leopard geckos (D:1)
  4 bats (D:1)
  2 goblins (D:1)
  2 hobgoblins (D:1)
  A ball python (D:1)
  2 rats (D:1)
13 creatures vanquished.

Notes
Turn   | Place    | Note
-------+----------+-------------------------------------------
     0 | D:1      | PikkenKukken the Vine Stalker Fighter began the quest for
                  | the Orb.
     0 | D:1      | Reached XP level 1. HP: 11/11 MP: 2/2
   394 | D:1      | Reached XP level 2. HP: 15/16 MP: 3/3
   659 | D:1      | Slain by a gnoll

Vault maps used:
D:1:      tarquinn_simple_flora_water_d

Skill      XL: |  1 |
---------------+----+-----
Short Blades   | 2 |  2.2
Fighting       | |  2.8
Armour         | |  2.5
Dodging        | |  0.3
Shields        | |  2.8

Action                   || total
-------------------------++-------
Melee: Rapier            ||    42
       Bite              ||    13
  Use: Scroll            ||     6
Armor: Scale mail        ||    23
Dodge: Dodged            ||    11
Block: Shield            ||    30

Table legend:
 A = Non-vault XP
 B = Vault XP
 C = Vault XP percentage of total XP
 D = Non-vault monster count
 E = Vault monster count
 F = Vault count percentage of total count
                 A         B        C        D         E       F
            +---------+---------+-------+---------+---------+-------
      Total |      23 |       0 |   0.0 |      13 |       0 |   0.0
            +---------+---------+-------+---------+---------+-------
        D:1 |      23 |       0 |   0.0 |      13 |       0 |   0.0
            +---------+---------+-------+---------+---------+-------
